 Dungeon Crawl Stone Soup version 0.14-a0-1969-g2c76abe (webtiles) character file.

423 Piginabag the Insei (level 6, -2/39 HPs)
             Began as an Octopode Transmuter on Jan 16, 2014.
             Splashed by a jelly's acid (11 damage)
             ... on Level 5 of the Dungeon.
             The game lasted 00:09:39 (4424 turns).

Piginabag the Insei (Octopode Transmuter)           Turns: 4424, Time: 00:09:40

HP  -2/39        AC  2     Str  9      XL: 6   Next: 12%
MP   8/11        EV 22     Int 15      God:
Gold 174         SH  0     Dex 20      Spells:  3 memorised,  1 level left

rFire  . . .     SeeInvis .       - Unarmed
rCold  . . .     Clarity  .     (shield currently unavailable)
rNeg   . . .     Conserve .     (helmet currently unavailable)
rPois  x         rCorr    .     (no amulet)
rElec  .         rRot     .     (no ring)
SustAb . .       Spirit   .     (no ring)
rMut   .         Warding  .     (no ring)
Saprov . . .     Stasis   .     (no ring)
MR     .....                    (no ring)
                                (no ring)
                                (no ring)
                                (no ring)

@: spider-form, quick, not resistant to hostile enchantments, stealthy
A: almost no armour, amphibious, 8 rings, (constrict 8), (camouflage 0),
(gelatinous body 0)
a: End Transformation


You were on level 5 of the Dungeon.
You were not hungry.
You were in spider-form.
You visited 1 branch of the dungeon, and saw 5 of its levels.

You collected 174 gold pieces.

Inventory:

Hand weapons
 v - a +0 blowgun
Missiles
 b - 12 arrows
 w - 10 poisoned needles
Magical devices
 x - a wand of enslavement (18) {unknown}
Comestibles
 a - 2 bread rations
 f - a choko
 g - a cheese
 h - a snozzcumber
 i - 3 meat rations
 l - a slice of pizza
 u - a pear
 z - 2 rotting chunks of worker ant flesh
Scrolls
 c - 3 scrolls of remove curse
 j - a scroll of teleportation
 m - a scroll of identify {unknown}
 n - a scroll of magic mapping {unknown}
 o - a scroll of enchant weapon II {unknown}
 q - a scroll of fog {unknown}
 r - a scroll of blinking {unknown}
 s - a scroll of enchant weapon I {unknown}
 t - 2 scrolls of curse weapon {unknown}
Potions
 e - a potion of curing
 k - a potion of lignification {unknown}
 p - 2 potions of brilliance {unknown}
Books
 d - a book of Changes

   Spells                             Type                      Level
   *Beastly Appendage                 Transmutation                1
   Sticks to Snakes                   Transmutation                2
   *Spider Form                       Transmutation/Poison         3
   Ice Form                           Ice/Transmutation            4
   *Blade Hands                       Transmutation                5


   Skills:
 * Level 1.8 Fighting
 + Level 3.3 Dodging
 + Level 2.0 Stealth
 + Level 4.3 Unarmed Combat
 + Level 2.9 Spellcasting
 + Level 3.0 Transmutations


You had one spell level left.
You knew the following spells:

 Your Spells              Type           Power        Failure   Level  Hunger
a - Beastly Appendage     Trmt           ##....       21%         1    #......
b - Spider Form           Trmt/Pois      #.........   56%         3    ###....
c - Blade Hands           Trmt           ##........   99%         5    ######.


Dungeon Overview and Level Annotations

Branches:
Dungeon (5/16)
 Temple: D:4-7

Altars:
Nemelex Xobeh


Innate Abilities, Weirdness & Mutations

You cannot wear most types of armour.
You are amphibious.
You can wear up to eight rings at the same time.*
((You can use your tentacles to constrict many enemies at once.))*
((Your skin changes colour to match your surroundings (Stlth).))*
((Your rubbery body absorbs attacks (AC +1).))*


Message History

The jelly completely misses you.
You hit the jelly.
Your front legs burn!
* * * LOW HITPOINT WARNING * * *
The jelly is severely wounded.
The jelly closely misses you.
You are too injured to fight recklessly!
You are too injured to fight recklessly!
Your transformation has ended.
You fall off the wall.
There is an open door here.
There is a stone staircase leading up here.
You see here a rotting goblin corpse.
You hear a slurping noise.
Casting: Spider Form
Confirm with . or Enter, or press ? or * to list all spells.
You turn into a venomous arachnid creature.
The jelly hits you.
* * * LOW HITPOINT WARNING * * *
You are splashed with acid!
The acid burns!
You die...

. .. ....
#########....
#............#
#..##.#.####.
#..#s.#.####
##.#J#)....# #
#..<'.....#
#.######.....#
#.....J......#
.....................
...#########.#######
# #.# ...


You could see a jelly.

Vanquished Creatures
  An orc priest (D:3)
  A giant frog skeleton (D:5)
  A worker ant (D:5)
  Ijyb (D:4)
  2 adders
  A giant mite (D:3)
  2 worms
  5 giant geckos (D:1)
  2 oozes
  8 orcs (D:3)
  A ball python (D:3)
  6 giant cockroaches
  9 goblins
  8 hobgoblins
  6 jackals
  9 kobolds
  5 quokkas (D:3)
  7 bats
  7 giant newts
  12 rats
  A butterfly (D:3)
95 creatures vanquished.

Notes
Turn   | Place    | Note
--------------------------------------------------------------
     0 | D:1      | Piginabag, the Octopode Transmuter, began the quest for the Orb.
     0 | D:1      | Reached XP level 1. HP: 13/13 MP: 3/3
   140 | D:1      | Reached XP level 2. HP: 5/18 MP: 4/4
   796 | D:1      | Reached XP level 3. HP: 20/23 MP: 6/6
  1890 | D:2      | Reached XP level 4. HP: 26/28 MP: 6/8
  2268 | D:3      | Reached skill level 1 in Stealth
  2268 | D:3      | Reached skill level 4 in Unarmed Combat
  2393 | D:3      | Reached XP level 5. HP: 8/33 MP: 7/9
  2657 | D:3      | Found a sparkling altar of Nemelex Xobeh.
  3213 | D:3      | Learned a level 3 spell: Spider Form
  3219 | D:3      | Learned a level 5 spell: Blade Hands
  3867 | D:4      | Noticed Ijyb
  3883 | D:4      | Killed Ijyb
  4019 | D:4      | Noticed an orc warrior
  4146 | D:5      | Entered Level 5 of the Dungeon
  4305 | D:5      | Reached XP level 6. HP: 22/39 MP: 1/11
  4424 | D:5      | Splashed by a jelly's acid

Action                   |  1- 3 |  4- 6 || total
-------------------------+-------+-------++-------
Melee: Unarmed           |    95 |   143 ||   238
 Cast: Beastly Appendage |    13 |    11 ||    24
       Spider Form       |       |    10 ||    10
  Use: Scroll            |     2 |     1 ||     3
       Potion            |     1 |     1 ||     2
 Stab: Sleeping          |     2 |     4 ||     6
